Map: Golden Wall LE

Players

Kelazhur - Winner!

  • Race: Terran Terran
  • League: Master
  • Spawn Location: 5:00

Erik

  • Race: Zerg Zerg
  • Spawn Location: 7:00

Event: DreamHack SC2 Masters 2020 Fall

VOD

Have the link to the VOD?

Description

Time

  • Played on: Aug. 29, 2020, 3:20 p.m.
  • Length: 14:27

All games in this series

Show
View Real Time Build Order
Export as new Build Order

Kelazhur Terran - Winner!

Build Orders: Liberator Opening, Reaper Expand 

Get SALT Encoding   

  12  0:00  SCV  
  13  0:12  SCV  
  14  0:17  Supply Depot  
  14  0:24  SCV  
  15  0:39  SCV  
  15  0:40  Barracks  
  16  0:43  Refinery  
  16  0:51  SCV  
  17  1:03  SCV  
  18  1:15  SCV  
  19  1:27  Reaper, Orbital Command  
  20  1:40  Command Center  
  20  1:47  Supply Depot  
  20  1:53  SCV  
  21  1:59  Marine  
  22  2:04  Factory  
  22  2:07  SCV  
  23  2:15  Refinery  
  23  2:18  Marine  
  23  2:20  SCV  
  25  2:32  SCV  
  25  2:37  Barracks Reactor  
  26  2:44  SCV  
  27  2:51  Starport  
  27  2:52  Hellion, Orbital Command  
  27  2:56  SCV  
  30  3:08  SCV  
  31  3:18  SCV  
  32  3:21  Hellion x2  
  32  3:24  SCV  
  37  3:28  Marine  
  37  3:29  Medivac  
  37  3:30  SCV  
  37  3:32  Supply Depot  
  41  3:36  SCV  
  42  3:42  SCV  
  42  3:46  Marine  
  46  3:49  SCV  
  46  3:54  Hellion x2, Supply Depot  
  46  3:55  SCV  
  50  4:01  SCV  
  50  4:02  Liberator  
  54  4:16  SCV x2  
  56  4:18  Command Center  
  56  4:20  Supply Depot  
  56  4:28  SCV  
  56  4:29  Barracks Tech Lab  
  57  4:32  Barracks  
  57  4:34  SCV, Barracks  
  57  4:37  Factory Reactor  
  58  4:40  SCV  
  58  4:44  Supply Depot  
  59  4:47  SCV, Marine  
  59  4:48  Stimpack  
  59  4:49  Starport Tech Lab  
  59  4:52  SCV  
  62  4:59  SCV  
  63  5:04  SCV  
  63  5:05  Engineering Bay, Marine  
  63  5:06  Engineering Bay  
  65  5:11  SCV  
  65  5:12  Refinery  
  65  5:13  Refinery  
  66  5:15  Starport Reactor  
  66  5:22  Marine x2  
  66  5:23  Marine  
  66  5:25  SCV  
  70  5:30  SCV, Siege Tank  
  70  5:31  Marine  
  70  5:32  Marine  
  70  5:33  Orbital Command  
  74  5:37  SCV  
  74  5:42  SCV  
  75  5:43  Terran Infantry Weapons Level 1, Terran Infantry Armor Level 1  
  76  5:50  SCV  
  76  5:54  SCV, Marine x4  
  76  5:56  Marine  
  77  5:57  Medivac x2  
  77  6:03  Supply Depot  
  81  6:07  Missile Turret  
  81  6:10  Orbital Command  
  81  6:11  Missile Turret  
  81  6:12  SCV, Marine  
  81  6:14  SCV  
  84  6:21  Marine  
  84  6:24  Marine  
  84  6:25  Missile Turret, Marine x2  
  88  6:27  Barracks  
  88  6:31  Marine  
  88  6:32  Barracks, Siege Tank  
  92  6:35  SCV x2  
  94  6:42  Combat Shield  
  94  6:43  Armory, Marine  
  95  6:47  SCV x2  
  95  6:48  SCV  
  95  6:52  Marine x3  
  101  6:59  Supply Depot, Marine  
  101  7:01  SCV  
  101  7:04  SCV  
  101  7:05  SCV  
  101  7:15  Marine  
  101  7:20  Marine x2  
  101  7:21  SCV x2, Medivac x2, Barracks Reactor  
  109  7:25  Marine  
  109  7:26  Refinery, Widow Mine  
  109  7:27  Command Center  
  109  7:29  Marine, Factory  
  113  7:33  SCV x2  
  110  7:37  SCV  
  110  7:39  Marine x4  
  110  7:42  Missile Turret  
  115  7:47  SCV, Marine x2  
  115  7:50  Widow Mine  
  116  7:55  Terran Infantry Weapons Level 2  
  116  7:56  Supply Depot, Terran Infantry Armor Level 2, Marine  
  116  8:07  Barracks Reactor  
  116  8:09  Supply Depot  
  116  8:18  Medivac x2, Marine x2  
  117  8:26  Marine  
  117  8:30  Marine x4  
  117  8:31  Supply Depot  
  117  8:32  Supply Depot  
  121  8:35  Refinery  
  121  8:36  Factory Reactor, Marine x2  
  123  8:43  Marine x2  
  123  8:44  Marine  
  123  8:45  Thor  
  123  8:46  Drilling Claws  
  123  8:47  Terran Vehicle And Ship Armor Level 1  
  123  8:48  Marine x4  
  131  8:53  Marine x2  
  137  9:02  Marine x3  
  140  9:06  Marine x3  
  143  9:11  Marine  
  143  9:12  Missile Turret  
  143  9:13  Marine  
  143  9:14  SCV, Marine  
  144  9:17  Medivac x2  
  144  9:20  Marine  
  144  9:24  Widow Mine x2, Marine  
  153  9:28  SCV  
  153  9:29  Supply Depot  
  153  9:30  Supply Depot, Marine  
  155  9:49  Marine  
  155  9:50  Thor  
  155  9:51  Planetary Fortress  
  162  9:54  Widow Mine x2  
  162  9:57  Missile Turret x2  
  162  9:59  Missile Turret  
  166  10:00  Missile Turret  
  166  10:05  Medivac  
  166  10:06  Medivac  
  157  10:10  Marine x9  
  164  10:15  Terran Infantry Weapons Level 3  
  162  10:28  Marine x3  
  163  10:29  Widow Mine x2  
  163  10:31  SCV  
  163  10:32  SCV x2  
  172  10:35  Supply Depot  
  172  10:38  Terran Infantry Armor Level 3  
  172  10:39  Barracks x2  
  172  10:46  SCV, Medivac  
  171  10:50  Marine  
  171  10:55  Missile Turret  
  171  10:57  Medivac, Marauder, Marine x4  
  172  11:02  Widow Mine  
  180  11:14  Supply Depot, Command Center  
  180  11:16  Marine x2  
  180  11:22  Marine x2  
  180  11:25  Marine  
  180  11:26  Marine x2  
  180  11:27  Marauder, Widow Mine  
  180  11:28  Marine  
  180  11:29  SCV x2  
  171  11:35  Marine  
  171  11:38  Marine  
  173  11:41  Marine  
  173  11:42  Marine  
  172  11:56  Marine x5  
  172  11:57  Marine  
  172  11:58  Marauder  
  172  11:59  Marine  
  172  12:00  Marine  
  163  12:01  SCV x3  
  159  12:11  Widow Mine x2  
  159  12:13  SCV x2  
  159  12:14  SCV, Marine  
  164  12:16  Marine  
  164  12:21  Missile Turret  
  165  12:25  SCV x2, Marine x2  
  165  12:26  Marauder  
  170  12:31  Marine  
  148  12:37  Marine x5  
  148  12:43  Medivac x2, Marine x2  
  159  12:46  Marine  
  159  12:48  Marine  
  152  12:55  Marine x2  
  152  13:00  Marine x3  
  152  13:01  Marine  
  152  13:04  Marine  
  157  13:09  Marine  
  157  13:12  Marine  
  158  13:15  Marine  
  157  13:21  Medivac  
  150  13:32  SCV  
  151  13:35  Missile Turret  
  144  13:45  Marine  
  144  13:48  Widow Mine x2  
  144  13:49  Marine  
  144  13:54  Marine  
  105  14:05  Marine  
  105  14:07  Marine  
Show
View Real Time Build Order
Export as new Build Order

Erik Zerg 

Build Orders: Hatch First, Muta Ling Bane 

Get SALT Encoding   

  12  0:00  Drone  
  13  0:08  Drone  
  13  0:14  Extractor  
  13  0:15  Drone  
  15  0:37  Hatchery  
  15  0:42  Drone, Extractor  
  14  0:49  Overlord  
  15  1:04  Spawning Pool  
  15  1:07  Drone  
  15  1:10  Drone  
  16  1:15  Extractor  
  16  1:16  Drone  
  16  1:22  Drone  
  17  1:30  Drone  
  18  1:40  Drone  
  19  1:51  Queen x2  
  19  1:53  Drone  
  24  1:56  Drone  
  24  2:00  Drone  
  26  2:05  Overlord  
  26  2:12  Drone  
  26  2:13  Drone  
  28  2:23  Metabolic Boost  
  28  2:25  Drone x2  
  28  2:28  Spore Crawler  
  30  2:37  Queen  
  30  2:38  Overlord  
  32  2:44  Zergling x2  
  32  2:47  Drone x2  
  35  2:55  Drone  
  35  2:58  Drone  
  37  3:02  Drone  
  37  3:04  Drone x5  
  43  3:09  Zergling x2  
  44  3:17  Overlord  
  44  3:35  Queen  
  44  3:39  Hatchery  
  44  3:40  Drone x4  
  49  3:43  Lair  
  49  3:46  Zergling x6, Extractor  
  49  3:48  Drone  
  52  3:49  Extractor  
  52  3:50  Overlord  
  52  3:51  Extractor  
  50  3:59  Overlord  
  50  4:01  Drone  
  50  4:02  Drone  
  52  4:03  Overlord  
  52  4:06  Spore Crawler  
  52  4:08  Drone x2  
  53  4:14  Overlord  
  53  4:18  Overlord  
  53  4:19  Drone x3  
  56  4:25  Queen  
  57  4:35  Zergling x6  
  61  4:46  Spire  
  61  4:48  Drone x3  
  61  4:50  Drone  
  62  5:00  Drone x6  
  62  5:04  Queen  
  70  5:09  Baneling Nest  
  70  5:10  Drone  
  70  5:12  Evolution Chamber  
  69  5:20  Drone x7  
  76  5:35  Drone x6, Extractor  
  72  5:37  Extractor  
  71  6:02  Overlord  
  71  6:04  Centrifical Hooks  
  71  6:05  Mutalisk  
  71  6:06  Mutalisk x6  
  71  6:08  Queen  
  87  6:18  Mutalisk x2  
  85  6:24  Drone x6  
  95  6:29  Zerg Flyer Weapons Level 1  
  95  6:31  Baneling  
  95  6:32  Baneling x5  
  94  6:34  Zergling x4  
  96  6:41  Zerg Ground Armor Level 1  
  96  6:45  Overlord  
  96  6:50  Overlord  
  96  7:01  Zergling x2  
  97  7:06  Zergling x2  
  97  7:07  Zergling x18  
  105  7:11  Mutalisk  
  105  7:12  Mutalisk x2  
  109  7:25  Overlord  
  109  7:26  Pneumatized Carapace  
  109  7:32  Hatchery  
  105  7:38  Mutalisk  
  105  7:39  Mutalisk x3  
  105  7:41  Overlord x4  
  105  7:43  Baneling x5  
  113  7:58  Overlord x2  
  113  8:01  Drone x10  
  121  8:16  Zergling x10  
  121  8:19  Baneling x3  
  119  8:20  Baneling x4  
  119  8:22  Overseer  
  119  8:25  Queen  
  120  8:29  Hatchery  
  120  8:32  Zergling x18  
  120  8:33  Evolution Chamber  
  125  8:35  Zerg Melee Weapons Level 1  
  125  8:40  Zerg Flyer Weapons Level 2  
  125  8:51  Zergling x12  
  125  8:53  Baneling x11  
  125  8:55  Queen  
  133  8:58  Queen  
  135  9:03  Drone x4  
  135  9:06  Drone x2  
  141  9:17  Mutalisk  
  141  9:18  Mutalisk x4  
  151  9:25  Mutalisk x2  
  155  9:36  Zergling x2  
  155  9:37  Zergling x8  
  160  9:40  Overlord x3  
  160  9:42  Overlord  
  160  9:43  Overlord x2  
  160  9:55  Overlord, Extractor  
  160  9:57  Overlord  
  145  10:10  Zergling x8  
  145  10:16  Zergling x20  
  154  10:26  Mutalisk  
  154  10:27  Mutalisk x8  
  157  10:31  Baneling x4  
  157  10:32  Baneling  
  157  10:35  Spore Crawler, Extractor  
  156  10:40  Baneling x5  
  156  10:42  Zergling x2  
  156  10:43  Zergling x14  
  153  10:51  Baneling x7  
  153  10:53  Zergling x8  
  156  11:05  Baneling x10  
  156  11:12  Zergling x24, Infestation Pit  
  164  11:24  Zergling x8  
  168  11:29  Baneling x3  
  168  11:30  Baneling x7  
  166  11:33  Zergling x8  
  166  11:34  Overseer  
  170  11:42  Zergling x10  
  171  11:58  Zergling x2  
  171  11:59  Zergling x8  
  165  12:02  Baneling x7  
  165  12:03  Baneling x4  
  160  12:10  Baneling x15  
  160  12:11  Zergling x10  
  159  12:23  Zergling x12  
  159  12:29  Hatchery  
  150  12:37  Zergling x2  
  150  12:38  Zergling x8  
  150  12:41  Hive  
  155  12:44  Zergling x32  
  161  12:54  Overseer, Baneling x9  
  156  12:59  Zergling x16  
  156  13:00  Zergling x2  
  165  13:11  Overseer x2  
  151  13:18  Zergling x14  
  151  13:24  Zergling x22  
  156  13:30  Baneling x6  
  153  13:40  Zergling x12  
  153  13:42  Baneling  
  153  13:43  Baneling x8  
  114  13:56  Zergling x22  
  106  14:05  Baneling x6  
  106  14:07  Zergling x2  
  106  14:08  Zergling x8  

Tags
 
Add a new tag
Caveats
  • Supply blocks, unpowered buildings, or Contaminate may cause inaccurate times.
  • Supply counts are checked every 10 seconds.